 Dungeon Crawl Stone Soup version 0.29-a0-982-gaed3a0c8d8 (webtiles) character file.

Game seed: 13482160577820581625

2977 nicolae the Transmogrifier (level 9, -12/88 HPs)
             Began as a White Draconian Transmuter on Aug 1, 2022.
             Mangled by an orc warlord
             ... wielding a +4 broad axe
              (20 damage)
             ... in a bailey.
             The game lasted 00:14:09 (6815 turns).

nicolae the Transmogrifier (DrTm)                   Turns: 6815, Time: 00:14:10

Health: -12/88     AC: 12    Str: 13    XL:     9   Next: 53%
Magic:  9/12       EV: 11    Int: 18    God:
Gold:   419        SH:  0    Dex: 11    Spells: 2/12 levels left

rFire   x . .      SeeInvis .     - Unarmed
rCold   + + +      Faith    .   (shield currently unavailable)
rNeg    . . .      Spirit   .   (body armour unavailable)
rPois   +          Reflect  .   (helmet currently unavailable)
rElec   .          Harm     .   (cloak currently unavailable)
rCorr   .          Rampage  .   (gloves currently unavailable)
Will    .....                   (boots currently unavailable)
Stlth   +.........              C - amulet of regeneration
HPRegen 1.04/turn               g - ring of protection from cold
MPRegen 0.13/turn               r - +4 ring of protection

@: ice-form
A: freezing attack, amphibious, boosted hp, (breathe frost), AC +7, large,
unfitting armour, (cold resistance 1), (cold-blooded)
a: End Transformation


You were in a bailey.
You were a creature of crystalline ice.
You visited 2 branches of the dungeon, and saw 8 of its levels.
You also visited: Bailey.

You collected 419 gold pieces.

Inventory:

Missiles
 b - a throwing net
 m - 5 atropa-tipped darts
 u - 6 poisoned darts
 E - 17 boomerangs
Armour
 t - a +1 pair of gloves (melded)
 x - a +0 pair of boots (melded)
Jewellery
 g - a ring of protection from cold (left front paw)
 p - a ring of wizardry
 r - a +4 ring of protection (right front paw)
 C - an amulet of regeneration (around neck)
Wands
 f - a wand of charming (9)
 B - a wand of mindburst (9)
Scrolls
 a - a scroll of torment
 c - 3 scrolls of blinking {unknown}
 d - 2 scrolls of butterflies
 h - a scroll of immolation {unknown}
 j - a scroll of poison {unknown}
 k - a scroll of fear {unknown}
 n - 2 scrolls of vulnerability
 s - a scroll of teleportation {unknown}
 v - a scroll of magic mapping {unknown}
 y - 2 scrolls of enchant weapon {unknown}
 A - 2 scrolls of enchant armour {unknown}
 D - a scroll of identify
Potions
 e - 3 potions of might
 i - 2 potions of mutation
 l - a potion of attraction
 o - a potion of curing
 q - 4 potions of haste
 w - 2 potions of flight
 z - 2 potions of resistance


   Skills:
 - Level 5.0 Fighting
 - Level 5.0 Dodging
 - Level 3.0 Unarmed Combat
 - Level 2.0 Spellcasting
 + Level 8.5 Transmutations
 - Level 7.0 Ice Magic
 - Level 5.0 Poison Magic


You had 2 spell levels left.
You knew the following spells:

 Your Spells              Type           Power      Damage    Failure   Level
a - Beastly Appendage     Tmut           64%        N/A       1%          1
b - Wereblood             Tmut           32%        N/A       1%          2
c - Spider Form           Tmut/Pois      26%        N/A       3%          3
d - Ice Form              Ice/Tmut       29%        N/A       8%          4

Your spell library contained the following spells:

 Spells                   Type           Power      Damage    Failure   Level
 Poisonous Vapours        Pois/Air       20%        N/A       10%         2
 Static Discharge         Conj/Air       1%         3-4/arc   26%         2
 Corpse Rot               Necr/Pois/Air  7%         N/A       67%         4
 Dispel Undead            Necr           1%         3d6       87%         4
 Sticky Flame             Conj/Fire      1%         2d3       87%         4


Dungeon Overview and Level Annotations

Branches:
Dungeon (7/15)             Temple (1/1) D:4          Bailey (1/1)

Altars:
Ashenzari
Cheibriados
Dithmenos
Elyvilon
Fedhas
Hepliaklqana
Kikubaaqudgha
Makhleb
Nemelex Xobeh
Okawaru
Qazlal
Ru
Sif Muna
Trog
Uskayaw
Vehumet
Xom
Yredelemnul
Zin
The Shining One

Shops:
D:5 :

Annotations:
D:7 Maggie


Innate Abilities, Weirdness & Mutations

You are a creature of crystalline ice.
You have a powerful freezing melee attack.
You are amphibious.
Your maximum health is increased.
Your armour is entirely melded.
You are incapable of wielding weapons or throwing items.
((You can breathe waves of freezing cold which knock back foes.))
((Your icy white scales are hard. (AC +7)))
You cannot fit into any form of body armour.
((Your flesh is cold resistant. (rC+)))
((You are cold-blooded and may be slowed by cold attacks.))


Message History

Items here: )) [[ ††.
You warm up again.
Your +1 pair of gloves unmelds from your body.
Your +0 pair of boots unmelds from your body.
You start resting.
HP restored.
You start resting.
Magic restored.
Casting: Ice Form (dangerous; 8% risk of failure)
Confirm with . or Enter, or press ? or * to list all spells.
You turn into a creature of crystalline ice.
Your +1 pair of gloves melds into your body.
Your +0 pair of boots melds into your body.
You open the gate. You hit the orc warlord. You freeze the orc warlord.
The orc warlord is lightly wounded.
The orc warlord closely misses you.
You punch the orc warlord! You freeze the orc warlord!
The orc warlord is moderately wounded.
The orc warlord hits you with a +4 broad axe!!
You hit the orc warlord but do no damage.
The orc warlord is moderately wounded.
The orc warlord hits you with a +4 broad axe!!
Okay, then.
You barely miss the orc warlord.
The orc warlord is moderately wounded.
The orc warlord completely misses you.
You hit the orc warlord but do no damage.
The orc warlord is moderately wounded.
The orc warlord hits you with a +4 broad axe!!
You completely miss the orc warlord.
The orc warlord is moderately wounded.
The orc warlord hits you with a +4 broad axe!!
* * * LOW HITPOINT WARNING * * *
Aiming: Mindburst
Press: ? - help, Shift-Dir - straight line, f - orc warlord
Aim: an orc warlord, wielding a +4 broad axe and wearing a +0 chain mail (moderately wounded, chance to affect: 29%)
The orc warlord easily resists.
The orc warlord hits you with a +4 broad axe!!
You die...

##### ##### ##...## ##...##
##.....## ##.....##
##.......#######.......##
##..8..8...........8..8..##
#..........)..............#
#..........).Y............#
#...8......#'o'#......8...#
##......####≈≈≈####......##
♣##.....#≈≈≈≈≈≈≈≈≈#.....##♣
♣.##....#≈.8...8.≈#....##.♣
♣♣..###'###.......###'###..♣♣
♣...≈≈≈.# ≈.8...8.≈≈#.≈≈≈...♣
♣...≈≈≈.#≈.........≈#.≈≈≈...♣♣
∩...≈≈≈.# ...∩.. #)≈≈≈...∩♣


You could see an orc warlord.

Vanquished Creatures
  An orc knight (Bailey)
  Prince Ribbit (D:5)
  Sigmund (D:3)
  A water moccasin (D:7)
  Duvessa (D:6)
  A black bear (D:5)
  An ice beast (D:5)
  3 orc warriors (Bailey)
  A centaur (D:6)
  3 phantoms
  2 bullfrogs
  A necrophage (D:5)
  3 scorpions
  Dowan (D:6)
  4 wights (D:7)
  A jelly (D:4)
  An iguana (D:5)
  4 hounds
  3 orc priests
  3 orc wizards
  7 gnolls
  7 adders
  2 white imps
  An ufetubus (D:6)
  2 worms
  13 orcs
  5 ball pythons
  9 endoplasms
  5 giant cockroaches
  13 goblins
  11 hobgoblins
  5 jackals
  5 quokkas
  3 bats
  5 frilled lizards (D:1)
  19 kobolds
  6 rats
  3 toadstools (D:1)
158 creatures vanquished.

Vanquished Creatures (others)
  2 plants (D:1)
  A toadstool (D:1)
  7 withered plants (D:1)
10 creatures vanquished.

Grand Total: 168 creatures vanquished

Notes
Turn   | Place    | Note
-------+----------+-------------------------------------------
     0 | D:1      | nicolae the Draconian Transmuter began the quest for the
                  | Orb.
     0 | D:1      | Reached XP level 1. HP: 16/16 MP: 3/3
    99 | D:1      | Found a faded altar of an unknown god.
   373 | D:1      | Reached XP level 2. HP: 20/23 MP: 5/5
   400 | D:1      | Reached skill level 3 in Transmutations
   713 | D:1      | Reached XP level 3. HP: 25/28 MP: 6/6
   721 | D:1      | Learned a level 2 spell: Wereblood
   725 | D:1      | Learned a level 3 spell: Spider Form
  1244 | D:2      | Reached skill level 4 in Transmutations
  1910 | D:3      | Reached XP level 4. HP: 35/35 MP: 5/7
  1947 | D:3      | Reached skill level 5 in Transmutations
  2140 | D:3      | Noticed Sigmund
  2154 | D:3      | Killed Sigmund
  2155 | D:3      | Reached XP level 5. HP: 40/40 MP: 8/8
  2155 | D:3      | Reached XP level 6. HP: 47/47 MP: 9/9
  3010 | D:4      | Reached skill level 5 in Poison Magic
  3193 | D:4      | Identified the +1 robe of Weazowou {Str+4 Int-3}
  3659 | D:4      | Your scales start taking on an icy white colour.
  3659 | D:4      | Reached XP level 7. HP: 44/52 MP: 5/10
  3659 | D:4      | Gained mutation: Your flesh is cold resistant. (rC+) [White
                  | Draconian growth]
  3692 | D:4      | Learned a level 4 spell: Ice Form
  3798 | D:4      | Found a staircase to the Ecumenical Temple.
  3861 | Temple   | Entered the Ecumenical Temple
  4069 | D:5      | Entered Level 5 of the Dungeon
  4069 | D:5      | Found an ancient bone altar of Kikubaaqudgha.
  4083 | D:5      | Reached skill level 1 in Ice Magic
  4424 | D:5      | Noticed Prince Ribbit
  4438 | D:5      | Killed Prince Ribbit
  4439 | D:5      | Reached skill level 5 in Ice Magic
  4439 | D:5      | Reached skill level 6 in Transmutations
  4439 | D:5      | Reached XP level 8. HP: 20/59 MP: 11/11
  4690 | D:5      | Found a shimmering blue altar of Sif Muna.
  4714 | D:5      | Reached skill level 7 in Transmutations
  4826 | D:5      | Found a white marble altar of Elyvilon.
  5027 | D:5      | Found Tuirghof's Tremendous Tomes.
  5177 | D:6      | Noticed Dowan
  5187 | D:6      | Killed Dowan
  5216 | D:6      | Noticed Duvessa
  5237 | D:6      | Killed Duvessa
  5238 | D:6      | Reached skill level 5 in Fighting
  5718 | D:6      | Found a glowing drain.
  6175 | D:7      | Reached skill level 5 in Dodging
  6175 | D:7      | Reached XP level 9. HP: 55/72 MP: 7/12
  6243 | D:7      | Noticed Maggie
  6341 | D:7      | Found a flagged portal.
  6370 | Bailey   | Entered a bailey
  6378 | Bailey   | Noticed an orc warlord
  6491 | Bailey   | Noticed an orc knight
  6505 | Bailey   | Killed an orc knight
  6506 | Bailey   | Reached skill level 8 in Transmutations
  6711 | Bailey   | Found a runed translucent gate.
  6713 | Bailey   | Found a runed translucent gate.
  6714 | Bailey   | Found a runed translucent gate.
  6815 | Bailey   | Mangled by an orc warlord

Illustrated notes

Levels and vault maps discovered:
D:1:      ldierk_water_garden, layout_basic,
          shapermc_ecumenical_altar_flowoftime
D:2:      layout_loops_ring, solitary_fountain
D:3:      kb_forest_paths, layout_rooms, minmay_strange_pillars, uniq_sigmund
D:4:      cheibrodos_helix_gallery, layout_basic, temple_hall,
          kennysheep_generic_room_16
D:5:      layout_rooms, mainiacjoe_overflow_large_starburst,
          mainiacjoe_overflow_boulevard, nicolae_shop_i_like_big_books,
          uniq_prince_ribbit1
D:6:      layout_rooms, gup_sewer_entry_glass, uniq_duvessa
D:7:      layout_rooms, mainiacjoe_overflow_alcove_2, serial_shops, shop,
          enter_bailey_3, uniq_maggie, uniq_crazy_yiuf_cottage
Temple:   bh_familiar_temple
Bailey:   bailey_axe_bossmonster_kennysheep, bailey

Skill      XL: |  1  2  3  4  5  6  7  8  9 |
---------------+----------------------------+-----
Transmutations | 3 4 5 6 7 8 |  8.5
Poison Magic   | 3 5 |  5.0
Ice Magic      | 5 7 |  7.0
Dodging        | 5 |  5.0
Fighting       | 5 |  5.0
Unarmed Combat | |  3.0
Spellcasting   | |  2.0

Action                   |  1- 3 |  4- 6 |  7- 9 || total
-------------------------+-------+-------+-------++-------
Melee: Unarmed           |   133 |   116 |   287 ||   536
       Tailslap          |    11 |    15 |    13 ||    39
       Kick              |    19 |    22 |    45 ||    86
       Headbutt          |    12 |    19 |    26 ||    57
       Punch             |       |     3 |     5 ||     8
 Cast: Beastly Appendage |    24 |    15 |    15 ||    54
       Wereblood         |       |     4 |     3 ||     7
       Spider Form       |       |     1 |       ||     1
       Ice Form          |       |       |    13 ||    13
 Abil: Breathe Frost     |       |       |     1 ||     1
Evoke: Wand              |       |       |     2 ||     2
  Use: Scroll            |     1 |     5 |     3 ||     9
       Potion            |       |     3 |     4 ||     7
Armor: Skin              |    35 |    71 |   138 ||   244
Dodge: Dodged            |    79 |   102 |   216 ||   397

Table legend: (Time is in decaauts)
 A = Elapsed time spent in this place.
 B = Non-inter-level travel time spent in this place.
 C = Inter-level travel time spent in this place.
 D = Time resting spent in this place.
 E = Time spent auto-exploring this place.
 F = Levels seen in this place.
 G = Mean time per level.
                   A        B        C        D        E       F      G
               +--------+--------+--------+--------+--------+-----+--------+
         Total |   6788 |   6623 |    165 |    926 |   4210 |   9 |  754.2 |
       Dungeon |   6159 |   6004 |    155 |    753 |   4042 |   7 |  879.9 |
        Temple |    187 |    177 |     10 |      0 |    168 |   1 |  187.0 |
        Bailey |    441 |    441 |      0 |    173 |      0 |   1 |  441.0 |
               +--------+--------+--------+--------+--------+-----+--------+

Top non-repeatable levels by time:
     D:5: 1078 daAuts
     D:4: 1044 daAuts
     D:3: 1019 daAuts
     D:6: 969 daAuts
     D:2: 909 daAuts
     D:1: 895 daAuts
  Bailey: 441 daAuts
     D:7: 242 daAuts
  Temple: 187 daAuts
